AoeStats
← Samurai_z

African Clearing

510419696Analyzed
4v4 RM · 2d ago on Sep 30, 2026· 66m 41s· 8 players
Game mode
Random Map
Map size
Large (8 player)
Population
200
Speed
Normal
Resources
Standard
Victory
Conquest
Starting age
Dark Age
Ending age
Imperial Age
RankedLock teamsTeams togetherTeam positionsShared explorationLock speedFull tech treeHidden civsTurbo modeCheats
Victory
Defeat
🇲🇽 Bulgarians · Mexico
804
+15
🇦🇷 Cumans · Argentina
792
+15
🇨🇱 Khmer · Chile
784
+16
🇬🇧 Varangians · United Kingdom
755
+17
🇧🇷 Huns · Brazil
842
-18
🇧🇷 Varangians · Brazil
783
-16
🇧🇷 Magyars · Brazil
778
-16
🇧🇷 Romans · Brazil
710
-13
aLaN_DiCKSoN
13:02 Feudal Age
11:52 Loom
15:30 Man-at-Arms
25:31 Bloodlines
25:40 Scale Barding Armor
25:26 Fletching
25:36 Padded Archer Armor
36:50 Castle Age
36:56 Crossbowman
43:10 Husbandry
43:17 Elite Skirmisher
Paulino
14:58 Feudal Age
13:14 Loom
19:21 Scale Barding Armor
20:14 Forging
21:33 Bloodlines
26:51 Castle Age
26:13 Arson
27:36 Husbandry
28:16 Iron Casting
28:01 Chain Barding Armor
39:32 Stone Mining
43:59 Vendel Legacy
wesley1611
15:35 Feudal Age
16:01 Man-at-Arms
16:32 Horse Collar
16:41 Double-Bit Axe
19:04 Bloodlines
22:22 Town Watch
23:13 Wheelbarrow
25:31 Castle Age
27:32 Long Swordsman
27:33 Pikeman
28:14 Squires
28:21 Husbandry
33:30 Bow Saw
37:19 Stone Mining
39:45 Gold Mining
40:29 Heavy Plow
42:36 Town Patrol
46:28 Scale Mail Armor
46:39 Forging
46:20 Fletching
46:30 Padded Archer Armor
54:54 Ballistas
55:27 Coinage
57:06 Hand Cart
59:49 Imperial Age
61:04 Heavy Scorpion
62:42 Elite Centurion
Samurai_z
9:21 Loom
22:51 Feudal Age
23:18 Double-Bit Axe
25:27 Wheelbarrow
24:35 Horse Collar
25:32 Town Watch
25:44 Gold Mining
26:28 Arson
26:04 Man-at-Arms
33:21 Castle Age
33:39 Scale Barding Armor
33:45 Forging
34:16 Husbandry
34:27 Bloodlines
35:51 Bow Saw
36:24 Heavy Plow
38:01 Gold Shaft Mining
38:16 Stone Mining
40:23 Chain Barding Armor
40:38 Iron Casting
40:49 Marauders
45:19 Iron Casting
45:33 Fletching
45:44 Padded Archer Armor
47:14 Bodkin Arrow
47:35 Leather Archer Armor
50:35 Hand Cart
51:30 Thumb Ring
55:23 Imperial Age
56:09 Bracer
56:45 Plate Barding Armor
57:11 Blast Furnace
58:13 Parthian Tactics
58:18 Town Patrol
57:46 Heavy Cavalry Archer
59:52 Murder Holes
60:20 Ballistics
62:07 Chemistry
SlyScissors443
13:49 Feudal Age
14:21 Double-Bit Axe
21:34 Castle Age
20:15 Stone Mining
22:56 Stone Shaft Mining
22:39 Bow Saw
24:13 Wheelbarrow
25:59 Gold Mining
26:11 Town Watch
26:16 Loom
28:24 Horse Collar
34:47 Imperial Age
34:21 Scale Barding Armor
34:26 Forging
35:11 Husbandry
35:41 Bloodlines
36:07 Fletching
36:38 Chain Barding Armor
39:03 Iron Casting
40:47 Plate Barding Armor
41:36 Conscription
41:36 Elite Jarl
54:46 Hand Cart
mimotaker
4:22 Loom
15:37 Feudal Age
25:16 Bloodlines
35:41 Castle Age
33:38 Stone Mining
35:14 Horse Collar
40:03 Scale Mail Armor
40:14 Forging
41:40 Wheelbarrow
42:18 Fletching
42:22 Pikeman
46:10 Gold Mining
48:42 Double-Bit Axe
49:06 Heavy Plow
51:29 Hand Cart
61:54 Imperial Age
61:45 Scale Barding Armor
61:55 Chain Mail Armor
61:41 Padded Archer Armor
61:37 Bodkin Arrow
62:17 Iron Casting
61:56 Stirrups
63:59 Bracer
64:15 Leather Archer Armor
66:43 Bow Saw
naps
3:27 Loom
13:34 Feudal Age
15:10 Wheelbarrow
20:45 Double-Bit Axe
20:58 Gold Mining
28:53 Castle Age
29:55 Murder Holes
29:56 Pikeman
37:20 Forging
37:11 Scale Mail Armor
44:06 Imperial Age
52:12 Hand Cart
54:09 Double Crossbow
55:15 Siege Engineers
56:11 Chemistry
58:17 Gold Shaft Mining
57:11 Elite Ballista Elephant
59:29 Horse Collar
60:58 Heavy Plow
62:13 Conscription
61:43 Town Watch
62:32 Crop Rotation
VivaPeron
3:45 Loom
11:25 Feudal Age
12:43 Wheelbarrow
13:44 Double-Bit Axe
19:57 Fletching
24:18 Man-at-Arms
29:02 Forging
28:52 Scale Mail Armor
28:53 Padded Archer Armor
38:28 Castle Age
37:36 Gold Mining
37:36 Stone Mining
38:21 Horse Collar
40:39 Hand Cart
40:42 Padded Archer Armor
41:57 Steppe Husbandry
43:22 Scale Barding Armor
47:01 Chain Barding Armor
46:41 Scale Mail Armor
47:17 Iron Casting
46:57 Leather Archer Armor
46:58 Bodkin Arrow
48:40 Capped Ram
52:46 Gold Shaft Mining
52:01 Stone Mining
54:48 Chain Mail Armor
63:42 Imperial Age
65:47 Blast Furnace
65:22 Plate Barding Armor
65:18 Ring Archer Armor
65:19 Bow Saw
65:12 Heavy Plow
64:56 Siege Ram
67:01 Masonry
66:46 Murder Holes
Connection lost

Rejoining the realm…

Still unreachable

The connection could not be restored.

Session expired

The server has moved on; the page needs a fresh start.